 Dungeon Crawl Stone Soup version 0.28-a0-537-g3bccd9ccbf (webtiles) character file.

Game seed: 11619516658347924281

0 meatgazer the Skirmisher (level 1, -3/18 HPs)
             Began as a Demonspawn Abyssal Knight on Sept 27, 2021.
             Was a Follower of Lugonu.
             Slain by a sixfirhy (13 damage)
             ... summoned by a shadow demon
             ... on level 1 of the Abyss.
             The game lasted 00:00:55 (98 turns).

meatgazer the Skirmisher (Demonspawn Abyssal Knight)  Turns: 98, Time: 00:00:56

Health: -3/18      AC:  3    Str: 13    XL:     1   Next: 0%
Magic:  2/2        EV: 11    Int: 11    God:    Lugonu [*.....]
Gold:   0          SH:  0    Dex: 13    Spells: 0/0 levels left

rFire   . . .      SeeInvis .   a - +1 falchion
rCold   . . .      Faith    .   (no shield)
rNeg    . . .      Spirit   .   b - +0 leather armour
rPois   .          Reflect  .   (no helmet)
rElec   .          Harm     .   (no cloak)
rCorr   .          Rampage  .   (no gloves)
Will    .....                   (no boots)
Stlth   +.........              (no amulet)
HPRegen 0.06/turn               (no ring)
MPRegen 0.08/turn               (no ring)

@: no status effects
A: no striking features
a: Renounce Religion, Depart the Abyss


You were on level 1 of the Abyss.
You worshipped Lugonu.
Lugonu was aware of your devotion.
You visited 0 branches of the dungeon, and saw 0 of its levels.
You visited the Abyss 1 time.

Inventory:

Hand Weapons
 a - a +1 falchion (weapon)
Armour
 b - a +0 leather armour (worn)
Potions
 c - a potion of attraction {unknown}


   Skills:
 + Level 3.0 Fighting
 + Level 1.7 Long Blades
 + Level 1.7 Armour
 + Level 0.8 Dodging
 + Level 2.4 Invocations


You couldn't memorise any spells.
You didn't know any spells.
Your spell library contained the following spells:

 Spells                   Type           Power      Damage    Failure   Level
 Chain Lightning          Conj/Air       0%         N/A       100%        9
 Fire Storm               Conj/Fire      0%         5d1       100%        9
 Shatter                  Erth           0%         3d5*      100%        9


Dungeon Overview and Level Annotations

Branches:
Dungeon (0/15)

Altars:


Message History

Lugonu says: Depart the Abyss and spread corruption, my servant! (use the ability menu to exit the Abyss) Press ? for a list of commands and other information.
Found a book of Annihilations.
Found a corrupted altar of Lugonu.
Found a gateway leading out of the Abyss.
You pick up a book of Annihilations and begin reading...
You add the spells Chain Lightning, Fire Storm and Shatter to your library.
There is a gateway leading out of the Abyss here.
c - a white potion You are suddenly pulled into a different region of the Abyss!
Done exploring.
You start waiting.
You are suddenly pulled into a different region of the Abyss!
Found a short sword.
A starcursed mass comes into view.
A starcursed mass splits.
A starcursed mass splits.
A starcursed mass splits.
Found a dagger.
You see here a +0 dagger.
A starcursed mass splits.
A ynoxinul comes into view.
The ynoxinul bellows!
A lurking horror comes into view.
A shadow demon comes into view.
The shadow demon gives a loud, deep croak!
The ynoxinul gestures.
The shadow demon gestures.
The ynoxinul gestures at you. The iron shot misses you.
The ynoxinul gestures at you. The iron shot misses you.
Your body is wracked with pain!
The ufetubus closely misses you.
The ufetubus hits you but does no damage.
A large abomination comes into view.
Unknown command.
Welcome back, meatgazer the Demonspawn Abyssal Knight.
Lugonu says: Spread carnage and corruption!
Press ? for a list of commands and other information.
Found a corrupted altar of Lugonu.
The sixfirhy hits you!
Ouch! That really hurt!
You die...

# ##..#........#..#
. ...#.##.#...###
.##.## #...#.#.#.#
..#..##.#...X#).#.#
..#.##..##X#....#..#
#
..5.##..X##.#.#####
#..####5....##.###
_......3#5####..#
.#..@...# ####
#.33...# #..2#...#
#...##.#.X
......#.##...
......#... ...#
##..#.. .#.. .#.
###.## ... .


You could see 2 starcursed masses, a shadow demon, a large abomination, a
sixfirhy (summoned), 2 ynoxinuls and 2 ufetubi.

Vanquished Creatures (others)
  A lurking horror (Abyss:1)
1 creature vanquished.

Notes
Turn   | Place    | Note
-------+----------+-------------------------------------------
     0 | Abyss:1  | meatgazer the Demonspawn Abyssal Knight began the quest for
                  | the Orb.
     0 | Abyss:1  | Reached XP level 1. HP: 18/18 MP: 2/2
    61 | Abyss:1  | Noticed a starcursed mass
    93 | Abyss:1  | Noticed a ynoxinul
    94 | Abyss:1  | Noticed a shadow demon
    96 | Abyss:1  | Noticed a ynoxinul
    96 | Abyss:1  | Noticed a sixfirhy
    97 | Abyss:1  | Noticed a large abomination
    98 | Abyss:1  | Found a corrupted altar of Lugonu.
    98 | Abyss:1  | Slain by a sixfirhy

Illustrated notes

Levels and vault maps discovered:
Abyss:1:  base: Temple, due_exit_kobolds, base: Temple, evilmike_abyss_exit_9,
          hangedman_abyss_or_decor_clamps, base:
Temple

Action                   || total
-------------------------++-------
Armor: Leather armour    ||     1
Dodge: Dodged            ||     3

Table legend: (Time is in decaauts)
 A = Elapsed time spent in this place.
 B = Non-inter-level travel time spent in this place.
 C = Inter-level travel time spent in this place.
 D = Time resting spent in this place.
 E = Time spent auto-exploring this place.
 F = Levels seen in this place.
 G = Mean time per level.
                   A        B        C        D        E       F      G
               +--------+--------+--------+--------+--------+-----+--------+
         Total |     98 |     98 |      0 |      4 |     51 |   1 |   98.0 |
         Abyss |     98 |     98 |      0 |      4 |     51 |   1 |   98.0 |
               +--------+--------+--------+--------+--------+-----+--------+

Top non-repeatable levels by time:
 Abyss:1: 98 daAuts
